 Dungeon Crawl Stone Soup version 0.30.0-10-gfe55d96785 (webtiles) character file.

Game seed: 12121603017166099971

114201 Firecrotchwizard the Severer (level 16, -2/152 HPs)
             Began as a Hill Orc Monk on May 15, 2023.
             Was the Champion of Beogh.
             Killed by the raging water
             ... invoked by a water nymph
              (39 damage)
             ... on level 3 of the Shoals.
             The game lasted 01:02:59 (28695 turns).

Firecrotchwizard the Severer (Hill Orc Monk)       Turns: 28695, Time: 01:02:59

Health: -2/152     AC: 26    Str: 24    XL:     16   Next: 65%
Magic:  37/37      EV:  9    Int: 10    God:    Beogh [******]
Gold:   1010       SH: 25    Dex: 13    Spells: 13/15 levels left

rFire   + + .        D - +3 broad axe (flame)
rCold   . . .        i - +3 tower shield {rF+}
rNeg    + . .        Q - +0 pearl dragon scales
rPois   .            l - +2 helmet
rElec   .            H - scarf {repulsion}
rCorr   .            p - +2 pair of gloves
SInv    .            T - +2 pair of boots
Will    +....        U - amulet of reflection Stlth
                     F - +4 ring of slaying
HPRegen 0.45/turn    M - ring "Biwullena" {rF+ MP+9 Str+2 Slay+2}
MPRegen 0.25/turn

%: repel missiles, reflection
@: studying 2 skills
A: walk on water
a: Renounce Religion, Smiting, Recall Orcish Followers, Give Item to Named
Follower, Resurrection


You were on level 3 of the Shoals.
You worshipped Beogh.
Beogh was exalted by your worship.
You visited 3 branches of the dungeon, and saw 23 of its levels.
You also visited: Sewer.

You collected 1860 gold pieces.
You spent 850 gold pieces at shops.

Inventory:

Hand Weapons
 b - a +0 arbalest
 D - a +3 broad axe of flaming (weapon)
Armour
 i - a +3 tower shield of fire resistance (worn)
 l - a +2 helmet (worn)
 p - a +2 pair of gloves (worn)
 H - a scarf of repulsion (worn)
 O - +0 swamp dragon scales
 Q - +0 pearl dragon scales (worn)
 T - a +2 pair of boots (worn)
Jewellery
 k - a ring of resist corrosion
 u - a +6 ring of intelligence
 x - a ring of protection from fire
 F - a +4 ring of slaying (left hand)
 G - a ring of protection from cold
 M - the ring "Biwullena" (right hand) {rF+ MP+9 Str+2 Slay+2}
   (You acquired it on level 5 of the Dungeon)

   [ring of magical power]

   Str:       It affects your strength (+2).
   Slay:      It affects your accuracy & damage with ranged weapons and melee
   (+2).
   rF:        It protects you from fire.
   MP:        It affects your magic capacity (+9).
 U - an amulet of reflection (around neck)
Wands
 e - a wand of flame (10)
 m - a wand of roots (28)
 o - a wand of mindburst (20)
 R - a wand of digging (5)
 S - a wand of acid (25)
 W - a wand of charming (21)
Scrolls
 d - 4 scrolls of poison
 f - 3 scrolls of fog
 g - a scroll of blinking
 h - 2 scrolls of immolation
 q - 5 scrolls of brand weapon
 r - 10 scrolls of fear
 t - 3 scrolls of teleportation
 y - 5 scrolls of summoning
 I - 7 scrolls of magic mapping
 J - 2 scrolls of amnesia
 N - 5 scrolls of vulnerability
 P - 3 scrolls of noise
Potions
 a - 2 potions of resistance
 c - 5 potions of ambrosia
 j - 3 potions of cancellation
 n - 2 potions of invisibility
 s - 15 potions of curing
 v - 8 potions of flight
 z - 5 potions of berserk rage
 A - 4 potions of magic
 C - 4 potions of might
 E - 5 potions of attraction
 K - 3 potions of lignification
 L - 6 potions of haste
 X - 3 potions of brilliance
 Y - 3 potions of mutation
 Z - 7 potions of heal wounds
Miscellaneous
 w - a phantom mirror
 B - a box of beasts
 V - a condenser vane


   Skills:
 + Level 16.7 Fighting
 - Level 20.4 Axes
 - Level 12.4 Armour
 - Level 2.4 Dodging
 * Level 12.6 Shields
 + Level 17.4 Invocations


You had 13 spell levels left.
You knew the following spells:

 Your Spells              Type           Power      Damage    Failure   Level
a - Blink                 Tloc           0%         N/A       98%         2

Your spell library contained the following spells:

 Spells                   Type           Power      Damage    Failure   Level
 Beastly Appendage        Tmut           0%         N/A       94%         1
 Sandblast                Erth           0%         2d4       94%         1
 Slow                     Hex            0%         N/A       94%         1
 Summon Small Mammal      Summ           0%         N/A       94%         1
 Ensorcelled Hibernation  Hex/Ice        0%         N/A       98%         2
 Passwall                 Tmut/Erth      0%         N/A       98%         2
 Poisonous Vapours        Pois/Air       0%         N/A       98%         2
 Wereblood                Tmut           0%         N/A       98%         2
 Call Canine Familiar     Summ           0%         N/A       100%        3
 Confusing Touch          Hex            0%         N/A       100%        3
 Dazzling Flash           Conj/Hex       0%         N/A       100%        3
 Mephitic Cloud           Conj/Pois/Air  0%         N/A       100%        3
 Ozocubu's Armour         Ice            0%         N/A       100%        3
 Spider Form              Tmut/Pois      0%         N/A       100%        3
 Stone Arrow              Conj/Erth      0%         3d7       100%        3
 Summon Guardian Golem    Hex/Summ       0%         N/A       100%        3
 Swiftness                Air            0%         N/A       100%        3
 Vampiric Draining        Necr           0%         2d6       100%        3
 Anguish                  Hex/Necr       0%         N/A       100%        4
 Manifold Assault         Tloc           0%         N/A       100%        4
 Summon Lightning Spire   Summ/Air       0%         N/A       100%        4
 Agony                    Necr           0%         N/A       100%        5
 Blade Hands              Tmut           0%         N/A       100%        5
 Freezing Cloud           Conj/Ice/Air   0%         6-21      100%        5
 Irradiate                Conj/Tmut      0%         3d11      100%        5
 Metabolic Englaciation   Hex/Ice        0%         N/A       100%        5
 Silence                  Hex/Air        0%         N/A       100%        5
 Simulacrum               Ice/Necr       0%         N/A       100%        6
 Dragon Form              Tmut           0%         N/A       100%        7
 Storm Form               Tmut/Air       0%         N/A       100%        7
 Maxwell's Capacitive Co  Air            0%         ∞         100%        8


Dungeon Overview and Level Annotations

Branches:
Dungeon (15/15)            Temple (0/1) D:4            Lair (5/5) D:8
 Shoals (3/4) Lair:3       Spider (0/4) Lair:3        Slime (0/5) Lair:4
    Orc (0/2) D:10         Vaults (0/5) D:13         Depths (0/4) D:15
  Sewer (visited)

Altars:
Cheibriados
Gozag
Kikubaaqudgha
Okawaru
Uskayaw
Vehumet
Xom
Zin
Jiyva

Shops:
D:5 *   Shoals:1 *   Shoals:2 *[(*

Annotations:
D:6 exclusion: statue
Lair:1 1 runed translucent door, greasedhog's ghost, journeyman FoHu


Message History

A merfolk aquamancer comes into view.
It is wielding a +2 rapier of draining. 2 water elementals and a sea snake come into view.
The merfolk aquamancer shouts!
The merfolk aquamancer casts a spell.
The merfolk aquamancer blinks!
The merfolk aquamancer casts a spell at you.
The shard of ice hits you.
The merfolk aquamancer gestures at you while chanting.
The ball of steam hits you! You resist.
You miss the merfolk aquamancer.
You block the merfolk aquamancer's attack.
You slice the water nymph!! You burn the water nymph!
You kill the water nymph!
Beogh accepts your kill.
You barely miss the merfolk aquamancer.
You hear a shout!
A water nymph comes into view.
A merfolk comes into view. It is wielding a +0 trident.
You slash the sea snake! You burn the sea snake.
The sea snake is lightly wounded.
You slash the merfolk aquamancer! You burn the merfolk aquamancer.
The merfolk aquamancer is engulfed in a cloud of scalding steam.
The merfolk aquamancer casts a spell at you.
The shard of ice hits you!!! You block the sea snake's attack.
You slice the merfolk aquamancer!! You burn the merfolk aquamancer!
The merfolk aquamancer is severely wounded.
You completely miss the water elemental.
You closely miss the sea snake. The sea snake bites you.
The merfolk aquamancer is engulfed in a cloud of scalding steam.
You block the water elemental's attack.
The water nymph flows with the water.
You closely miss the merfolk aquamancer.
The merfolk aquamancer is severely wounded.
You slash the water elemental! You burn the water elemental.
You slash the sea snake! You burn the sea snake.
You barely miss the merfolk aquamancer. You block the sea snake's attack.
The merfolk aquamancer gestures wildly while chanting.
The merfolk aquamancer blinks!
The water elemental hits you.
The water elemental engulfs you in water!
The merfolk aquamancer hits you with a +0 rapier of electrocution.
You slice the sea snake!! You burn the sea snake!
You kill the sea snake!
Beogh accepts your kill.
You slash the merfolk aquamancer! You burn the merfolk aquamancer.
You slash the water nymph! You burn the water nymph.
You hit the water elemental but do no damage.
Your lungs strain for air!
The merfolk aquamancer points at you and mumbles some strange words.
The torrent of water passes through the water elemental.
You block torrent of water... and reflect it back!
The torrent of water passes through the water elemental.
The torrent of water hits the merfolk aquamancer!!
You kill the merfolk aquamancer!
Beogh accepts your kill.
The wave splashes down.
The water elemental completely misses you.
A water nymph comes into view.
The merfolk aquamancer gestures at you while chanting.
The torrent of water is repelled.
The wave splashes down.
You block the water nymph's attack.
You hear a shout! x2
You closely miss the water nymph.
The water nymph is heavily wounded.
You hit the water nymph. You burn the water nymph.
You slash the water elemental! You burn the water elemental.
You slash the water elemental! You burn the water elemental!
You slash the merfolk aquamancer! You burn the merfolk aquamancer.
You barely miss the water elemental.
Your lungs strain for air!
You block the merfolk's attack.
You block the water elemental's attack. x2
You block the merfolk aquamancer's attack.
The water nymph casts a spell at you. The water swirls and strikes you!
The water nymph points at you and mumbles some strange words.
The water swirls and strikes you!
* * * LOW HITPOINT WARNING * * *
The water nymph casts a spell at you. The water swirls and strikes you!
* * * LOW HITPOINT WARNING * * *
The water elemental hits you!
* * * LOW HITPOINT WARNING * * *
Unknown command.
You slice the water nymph!! You burn the water nymph.
You kill the water nymph!
Beogh accepts your kill.
You slash the water elemental! You burn the water elemental.
You destroy the water elemental!
Beogh accepts your kill. The water engulfing you falls away.
You gasp with relief as air once again reaches your lungs.
You slash the water elemental! You burn the water elemental.
You slice the merfolk aquamancer!! You burn the merfolk aquamancer!
You kill the merfolk aquamancer!
Beogh accepts your kill.
You slash the water nymph! You burn the water nymph.
You barely miss the water elemental. Beogh blesses you with reinforcements.
You block the merfolk's attack. You block the water elemental's attack.
The water nymph gestures at you while chanting.
The water swirls and strikes you!!!
You die...

...........[.~~~~~.###.
......(...........~.#..~
...........~~.~.#.~~..~~
~.≈........~~~~..~~~~~..
~≈≈≈.......~~<~~~~~~~..#
~≈≈≈..~~~...~~~~)~~~~.##
≈≈≈≈~~~~~..~~~~~~~≈≈~~.#
≈≈.~~~~m~.~~~~)~~≈≈~~~..
≈...~mm@†.~~~~~~~≈≈~~.#.
≈≈≈..E)E..~~~~~~≈≈≈~~##.
m≈≈...o...~~~~~~≈≈≈~~...
≈≈≈≈.....~~~~~~≈≈≈≈~~~~~
.≈≈.~~~.~~~~~≈≈≈≈≈≈≈~~~~
.~≈.~)~!~~~~≈≈≈≈≈≈≈≈≈~~~
~~~~~~~~~~~≈≈≈≈≈≈≈≈≈≈≈≈≈
~~~~~~~~~~≈≈≈≈≈≈≈≈≈≈≈≈≈≈
≈≈≈≈≈≈≈≈≈≈≈≈≈≈≈


You could see a merfolk aquamancer, a merfolk, 2 water elementals, 2 water
nymphs and a friendly orc.

Vanquished Creatures
  Gastronok (D:11)
  A kraken (Shoals:3)
  Agnes (D:14)
  A stone giant (D:15)
  2 merfolk impalers
  2 merfolk javelineers
  A vault guard (D:13)
  Erolcha (D:11)
  6 hydras
  3 merfolk avatars
  2 catoblepae (Lair:2)
  A boulder beetle (D:15)
  3 satyrs
  2 two-headed ogres
  3 centaur warriors (D:14)
  3 merfolk aquamancers
  2 tengu warriors (D:15)
  5 skysharks
  Sonja (Lair:2)
  4 skeletal warriors (D:15)
  4 sea snakes
  2 goliath frogs
  2 wizards (D:13)
  2 deep elf pyromancers
  A wolf spider (Lair:3)
  7 harpies
  An orc knight (D:15)
  2 necromancers (D:13)
  19 ugly things
  6 manticores
  6 cyclopes
  10 fauns
  2 merfolk sirens (Shoals:2)
  20 elephants
  7 black mambas
  Joseph (D:9)
  8 water nymphs
  15 cane toads
  2 gargoyles (D:12)
  A torpor snail (Lair:2)
  4 rime drakes
  Maggie (D:7)
  10 komodo dragons
  A kobold demonologist (D:10)
  A queen bee (shapeshifter) (D:13)
  3 trolls
  2 wind drakes
  3 meliai (D:14)
  16 merfolk
  2 hornets
  16 blink frogs
  10 dream sheep
  2 snapping turtles (Shoals:1)
  9 slime creatures
  2 shadows
  A wraith (D:7)
  2 wyverns
  5 water elementals
  2 vampires
  32 yaks
  A hog (shapeshifter) (D:15)
  4 basilisks
  19 humans (D:13)
  2 steam dragons
  14 vampire mosquitoes
  A warg (D:15)
  10 water moccasins
  Duvessa (D:5)
  3 black bears
  An orc warrior (D:10)
  3 ogres
  38 wolves
  2 centaurs
  A phantom (D:5)
  6 kobold brigands
  16 bullfrogs
  3 gnoll sergeants
  A scorpion (D:6)
  13 wights
  5 killer bees
  6 electric eels (D:8)
  11 howler monkeys
  4 crimson imps (D:9)
  3 jellies
  2 orc priests
  A hound (D:5)
  A sleepcap (D:6)
  3 iguanas
  Ijyb (D:3)
  2 orc wizards
  Robin (D:2)
  15 gnolls
  11 adders
  A river rat (Sewer)
  A white imp (D:8)
  2 ufetubi
  2 worms (D:6)
  5 dart slugs
  5 orcs
  13 ball pythons
  3 bats
  8 endoplasms
  8 giant cockroaches
  13 goblins
  17 hobgoblins
  A jackal (Sewer)
  41 kobolds
  6 quokkas
  10 frilled lizards
  5 rats
633 creatures vanquished.

Vanquished Creatures (collateral kills)
  A vault guard (D:13)
  2 two-headed ogres (D:10)
  A boulder beetle (D:7)
  3 skysharks (Lair:4)
  A goliath frog (Lair:4)
  3 ugly things
  A cyclops (D:7)
  A manticore (D:14)
  6 elephants
  5 cane toads
  2 gargoyles
  2 rime drakes
  2 trolls
  5 blink frogs (Lair:4)
  A vampire (D:10)
  Eustachio (D:5)
  5 yaks
  A vampire mosquito (Lair:4)
  A water moccasin (Lair:1)
  A black bear (D:7)
  3 wolves (Lair:4)
  2 phantoms
  3 kobold brigands (D:10)
  3 bullfrogs (Lair:4)
  A gnoll sergeant (D:6)
  3 wights
  Dowan (D:5)
  3 killer bees
  A howler monkey (D:8)
  A hound (D:7)
  2 jellies
  An orc priest (D:5)
  An orc wizard (D:10)
  3 gnolls (D:10)
  2 orcs
  A goblin (D:8)
  3 kobolds (D:10)
79 creatures vanquished.

Vanquished Creatures (others)
  2 orc warriors
  A black bear (D:4)
  2 orc wizards
  11 orcs
  5 tentacles (Shoals:3)
21 creatures vanquished.

Grand Total: 733 creatures vanquished

Notes
Turn   | Place    | Note
-------+----------+-------------------------------------------
     0 | D:1      | Firecrotchwizard the Hill Orc Monk began the quest for the
                  | Orb.
     0 | D:1      | Reached XP level 1. HP: 19/19 MP: 1/1
   106 | D:1      | Reached XP level 2. HP: 19/27 MP: 2/2
   184 | D:1      | Reached skill level 1 in Armour
   283 | D:1      | Reached XP level 3. HP: 25/33 MP: 3/3
   390 | D:2      | Reached skill level 5 in Axes
   474 | D:3      | Noticed Robin
   543 | D:2      | Killed Robin
   544 | D:2      | Reached XP level 4. HP: 12/40 MP: 4/4
   826 | D:3      | Noticed Ijyb
   847 | D:3      | Killed Ijyb
  1019 | D:3      | Found a faded altar of an unknown god.
  1025 | D:3      | Found a hide-covered altar of Uskayaw.
  1163 | D:3      | Found an ancient bone altar of Kikubaaqudgha.
  1384 | D:4      | Became a worshipper of Beogh the Brigand
  1384 | D:4      | Reached * piety under Beogh
  1384 | D:4      | Reached ** piety under Beogh
  1422 | D:4      | Found a staircase to the Ecumenical Temple.
  1432 | D:4      | Noticed a black bear
  1457 | D:4      | Killed a black bear
  1458 | D:4      | Reached skill level 6 in Axes
  1458 | D:4      | Reached XP level 5. HP: 47/47 MP: 5/5
  1472 | D:4      | Reached skill level 1 in Invocations
  1663 | D:4      | HP: 2/44 [wight/+0 falchion (2)]
  1665 | D:4      | Reached skill level 5 in Fighting
  1665 | D:4      | Reached XP level 6. HP: 3/56 MP: 7/7
  1957 | D:4      | Reached skill level 7 in Axes
  2196 | D:4      | Found an opulent altar of Gozag.
  2196 | D:4      | Found a glowing silver altar of Zin.
  2387 | D:4      | Reached XP level 7. HP: 61/61 MP: 1/9
  2593 | D:5      | Entered Level 5 of the Dungeon
  2820 | D:2      | Found a faded altar of an unknown god.
  2945 | D:2      | Found a hide-covered altar of Uskayaw.
  3522 | D:4      | Reached *** piety under Beogh
  3812 | D:5      | Identified a scroll of acquirement
  3812 | D:5      | Acquired the ring "Biwullena" {rF+ MP+9 Str+2 Slay+2}
  3896 | D:5      | Found a snail-covered altar of Cheibriados.
  3993 | D:5      | Reached skill level 8 in Axes
  4062 | D:5      | Noticed Duvessa
  4064 | D:5      | Noticed Eustachio
  4066 | D:5      | Noticed Dowan
  4078 | D:5      | Killed Duvessa
  4089 | D:5      | Killed Dowan
  4090 | D:5      | Reached XP level 8. HP: 54/70 MP: 11/11
  4098 | D:5      | Killed Eustachio
  4646 | D:5      | Found Jed Nosch's Neck Hole.
  4654 | D:5      | Bought a scarf of repulsion for 132 gold pieces
  4720 | D:5      | Reached skill level 9 in Axes
  4893 | D:6      | Reached skill level 5 in Invocations
  4904 | D:6      | Reached skill level 5 in Armour
  5110 | D:6      | Found a glowing drain.
  5172 | Sewer    | Entered a sewer
  5200 | Sewer    | Reached **** piety under Beogh
  5318 | Sewer    | Reached skill level 10 in Axes
  5582 | Sewer    | Reached XP level 9. HP: 79/79 MP: 13/13
  6046 | D:6      | Found a radiant altar of Vehumet.
  6399 | D:7      | Noticed Maggie
  6413 | D:7      | Killed Maggie
  6587 | D:7      | Noticed a deep elf pyromancer
  6593 | D:7      | Reached skill level 11 in Axes
  6601 | D:7      | Killed a deep elf pyromancer
  6821 | D:7      | Gained Harm as an ally
  6988 | D:7      | Noticed a boulder beetle
  7016 | D:7      | Killed a boulder beetle
  7017 | D:7      | Reached skill level 12 in Axes
  7017 | D:7      | Reached XP level 10. HP: 37/90 MP: 14/15
  7179 | D:7      | Noticed a green ugly thing
  7188 | D:7      | Killed a green ugly thing
  7204 | D:7      | Noticed a cyclops
  7205 | D:7      | Noticed a two-headed ogre
  7220 | D:7      | Killed a two-headed ogre
  7226 | D:7      | Killed a cyclops
  7227 | D:7      | Reached skill level 13 in Axes
  7313 | D:7      | Noticed a cyclops
  7323 | D:7      | Killed a cyclops
  8125 | D:8      | Noticed an elephant
  8148 | D:8      | Killed an elephant
  8376 | D:8      | Reached skill level 14 in Axes
  8376 | D:8      | Reached XP level 11. HP: 75/97 MP: 17/17
  8657 | D:8      | Gained Gorg as an ally
  8758 | D:8      | Found a staircase to the Lair.
 10129 | D:9      | Noticed Joseph
 10143 | D:9      | Killed Joseph
 10194 | D:9      | Found a shimmering altar of Xom.
 10293 | D:9      | Reached skill level 10 in Fighting
 10525 | D:9      | Reached skill level 15 in Axes
 10525 | D:9      | Reached skill level 10 in Invocations
 10578 | D:9      | Noticed a two-headed ogre
 10589 | D:9      | Killed a two-headed ogre
 11394 | Lair:1   | Entered Level 1 of the Lair of Beasts
 11597 | Lair:1   | Found a runed translucent door.
 11608 | Lair:1   | Found a shimmering altar of Xom.
 11608 | Lair:1   | Noticed greasedhog's ghost (journeyman FoHu)
 11609 | Lair:1   | Noticed a +1 trident of chaos
 11803 | Lair:1   | Reached XP level 12. HP: 44/108 MP: 20/20
 12450 | Lair:2   | Reached skill level 16 in Axes
 12719 | Lair:2   | Noticed a catoblepas
 12733 | Lair:2   | Killed a catoblepas
 13054 | Lair:2   | Noticed Sonja
 13055 | Lair:2   | Noticed a catoblepas
 13059 | Lair:2   | Reached skill level 10 in Armour
 13071 | Lair:2   | Killed a catoblepas
 13073 | Lair:2   | Killed Sonja
 13074 | Lair:2   | Reached skill level 17 in Axes
 14000 | Lair:3   | You fall into a shaft and drop 2 floors!
 14000 | Lair:5   | Entered Level 5 of the Lair of Beasts
 14006 | Lair:5   | Identified the +0 helmet of Marbles {rElec rF+ Will+ SInv}
 14009 | Lair:5   | Noticed a seven-headed hydra
 14018 | Lair:5   | Reached XP level 13. HP: 101/118 MP: 22/22
 14029 | Lair:5   | Reached skill level 18 in Axes
 14036 | Lair:5   | Reached ***** piety under Beogh
 14039 | Lair:5   | Found the +2 Maxwell's thermic engine {flame, freeze, rev}
 14319 | Lair:4   | Found a staircase to the Slime Pits.
 14324 | Lair:4   | Found a viscous altar of Jiyva.
 14422 | Lair:3   | Learned a level 2 spell: Blink
 15047 | Lair:3   | Found a hole to the Spider Nest.
 15283 | Lair:3   | Found a staircase to the Shoals.
 16394 | Lair:4   | Reached skill level 19 in Axes
 16833 | Lair:4   | Reached XP level 14. HP: 123/129 MP: 24/24
 17571 | Lair:4   | Reached skill level 20 in Axes
 18256 | Lair:5   | Identified the +2 hand axe "Olataucoarr" {freeze, Str+2
                  | Dex+6}
 18463 | Lair:5   | Reached skill level 1 in Shields
 18873 | D:10     | Entered Level 10 of the Dungeon
 19038 | D:10     | Found a staircase to the Orcish Mines.
 19045 | D:10     | Gained Bolgrim as an ally
 19938 | D:11     | Noticed Erolcha
 19945 | D:11     | Killed Erolcha
 20154 | D:11     | Noticed Gastronok
 20163 | D:11     | Killed Gastronok
 21694 | D:13     | Reached skill level 5 in Shields
 21979 | D:13     | Reached skill level 15 in Invocations
 21981 | D:13     | Reached XP level 15. HP: 139/139 MP: 26/26
 22024 | D:13     | Found a gate to the Vaults.
 22035 | D:13     | Reached ****** piety under Beogh
 22564 | D:14     | Reached skill level 15 in Fighting
 22775 | D:14     | Found an iron altar of Okawaru.
 22870 | D:14     | Noticed Agnes
 22882 | D:14     | Killed Agnes
 24057 | D:15     | Entered Level 15 of the Dungeon
 24454 | D:15     | Found a staircase to the Depths.
 25447 | Shoals:1 | Entered Level 1 of the Shoals
 25527 | Shoals:1 | Reached skill level 10 in Shields
 26096 | Shoals:1 | Reached XP level 16. HP: 112/151 MP: 28/28
 26318 | Shoals:1 | Found Viwnugho's Assorted Antiques.
 26326 | Shoals:1 | Bought a scroll of teleportation for 93 gold pieces
 26326 | Shoals:1 | Bought a scroll of teleportation for 93 gold pieces
 26326 | Shoals:1 | Bought a scroll of enchant armour for 232 gold pieces
 27995 | Shoals:2 | Found Foompaosch's Visitors' Centre.
 28010 | Shoals:2 | Found Foompaosch's Merfolk Weapons.
 28010 | Shoals:2 | Found Foompaosch's Merfolk Magic.
 28180 | Shoals:2 | Bought a scroll of teleportation for 300 gold pieces
 28551 | Shoals:3 | Noticed a kraken
 28557 | Shoals:3 | Killed a kraken
 28695 | Shoals:3 | Killed from afar by a water nymph

Illustrated notes

Levels and vault maps discovered:
D:1:      erik_arrival_orb_chamber, layout_loops_ring
D:2:      layout_basic, hellmonk_ecumenical_altar_heavens_door, basic_altar,
          minmay_pentomino_w2
D:3:      layout_loops_cross, lemuel_crystal_altar,
          nicolae_overflow_ecumenical_swirl, minmay_misc_feat_iff, uniq_robin,
          uniq_ijyb
D:4:      kennysheep_kobold_camp, layout_gridville,
          grunt_temple_overflow_gold_and_silver, minmay_temple_entry_mist,
          minmay_manual_maat
D:5:      layout_basic, mainiacjoe_overflow_six_doors_small,
          nicolae_shop_sticking_my_neck_out, uniq_eustachio, uniq_duvessa
D:6:      layout_rooms, vehumet_statue, gup_sewer_entry_bubbles,
          chequers_mini_garden
D:7:      minmay_the_grid_four_pointed_star
          [minmay_the_grid_triangle_9x9_from_above,
          minmay_the_grid_triangle_9x9_warning,
          minmay_the_grid_triangle_9x9_thin_v,
          minmay_the_grid_triangle_9x9_flanged_cone,
          minmay_the_grid_prize_inner_circle], layout_layer_cave,
          kennysheep_generic_room_14, uniq_maggie
D:8:      layout_layer_cave, david_lair_generic, serial_bayou,
          serial_bayou_lagoon_b, serial_bayou_lake_a, serial_bayou_crossing,
          serial_bayou_lagoon_a, enter_bailey_3, minivault_10,
          minmay_manual_moon
D:9:      kennysheep_spiral_hall, layout_basic, led_xom_imps, uniq_joseph
D:10:     layout_stronghold, david_orc_3
D:11:     layout_cave_pods, uniq_gastronok, uniq_erolcha
D:12:     layout_irregular_city
D:13:     layout_big_octagon, grunt_vaults_entry_tiered
D:14:     layout_loops_corners, okawaru_gym_becter, uniq_agnes
D:15:     grunt_enter_depths_snipers, layout_rooms, minmay_fountain_box,
          serial_glass, glass_columns_a, glass_columns_c,
          minmay_strange_pillars, minmay_strange_pillars, feat_on_display,
          feat_on_display
Lair:1:   layout_cave_shapes, ebering_ghost_xom, infiniplex_staircase_pool_2
Lair:2:   layout_gridlike, uniq_sonja
Lair:3:   layout_misc_corridors, elwin_shoals_entry_rooms,
          spider_nest_entry_rubble, minmay_shattered_shrine, lemuel_fruit_tree
Lair:4:   layout_regular_city, dpeg_slime_entry_corner,
          nicolae_volcano_entry_hallway, serial_bayou_shore_b
Lair:5:   minmay_lair_end_frog_pond, layout_regular_city,
          grunt_forest_large_clearings
Shoals:1: layout_shoals, serial_shops, shop
Shoals:2: nicolae_shoals_mermall, layout_shoals, nicolae_shoals_gull_way
Shoals:3: layout_shoals, nicolae_splish_splash

Skill      XL: |  1  2  3  4  5  6  7  8  9 10 11 12 13 14 15 16 |
---------------+-------------------------------------------------+-----
Armour         | 1 2 3 4 5 6 8 9 10 11 12 | 12.4
Fighting       | 4 5 6 7 8 9 10 12 13 14 15 16 | 16.7
Axes           | 5 6 7 8 10 12 14 15 17 19 20 | 20.4
Invocations    | 2 4 5 7 9 10 12 13 15 16 17 | 17.4
Shields        | 5 10 12 | 12.6
Dodging        | |  2.4

Action                     |  1- 3 |  4- 6 |  7- 9 | 10-12 | 13-15 | 16-18 || total
---------------------------+-------+-------+-------+-------+-------+-------++-------
  Melee: Hand axe          |    84 |   146 |   339 |   116 |       |       ||   685
         Broad axe         |       |       |       |   323 |   659 |   162 ||  1144
 Invoke: Convert to Beogh  |       |     1 |       |       |       |       ||     1
         Smiting           |       |     3 |     5 |     9 |     6 |     4 ||    27
         Recall Orcish Fol |       |       |     2 |     2 |    12 |       ||    16
         Give Item to Name |       |       |       |       |     1 |       ||     1
  Evoke: Wand              |       |     1 |       |     3 |     1 |       ||     5
    Use: Scroll            |       |     1 |     2 |    23 |    12 |     2 ||    40
         Potion            |       |       |       |       |       |     2 ||     2
   Stab: Distracted        |       |     1 |       |     5 |     5 |       ||    11
         Confused          |       |       |       |     2 |     1 |       ||     3
         Paralysed         |       |       |       |       |     2 |       ||     2
         Held in net/web   |       |       |       |       |       |     1 ||     1
 Armour: Robe              |    16 |    41 |    20 |       |       |       ||    77
         Chain mail        |       |       |   104 |       |       |       ||   104
         Pearl dragon scal |       |       |    24 |   114 |   145 |    68 ||   351
         Swamp dragon scal |       |       |     5 |    67 |   192 |       ||   264
  Dodge: Dodged            |    55 |    84 |   120 |   174 |   257 |    44 ||   734
         Repelled          |       |       |       |     4 |     4 |     1 ||     9
  Block: Orb               |       |       |       |    66 |   101 |       ||   167
         Tower shield      |       |       |       |       |   279 |   210 ||   489
         Reflection        |       |       |       |       |    15 |    41 ||    56
